AoeStats
← gggmeuer

Arena

507786170Analyzed
2v2 RM · 12d ago on Sep 19, 2026· 43m 13s· 4 players
Game mode
Random Map
Map size
Medium (4 player)
Population
200
Speed
Normal
Resources
Standard
Victory
Conquest
Starting age
Dark Age
Ending age
Imperial Age
RankedLock teamsTeams togetherTeam positionsShared explorationLock speedFull tech treeHidden civsTurbo modeCheats
Victory
Defeat
🇪🇸 Berbers · Spain
1634
+11
🇺🇾 Cumans · Uruguay
1573
+14
🇨🇭 Shu · Switzerland
1530
-13
🇩🇪 Bohemians · Germany
1520
-12
FMG | Sawasha Takohida
6:33 Loom
8:52 Feudal Age
10:22 Double-Bit Axe
11:59 Horse Collar
20:21 Wheelbarrow
23:38 Castle Age
22:53 Scale Barding Armor
23:05 Gold Mining
23:39 Bloodlines
24:01 Forging
23:46 Light Cavalry
28:42 Chain Barding Armor
31:20 Iron Casting
31:53 Fletching
35:15 Imperial Age
32:59 Bodkin Arrow
33:55 Padded Archer Armor
34:54 Bow Saw
35:11 Ballistics
37:04 Chemistry
36:54 Plate Barding Armor
37:20 Blast Furnace
36:40 Cavalier
38:36 Paladin
41:31 Hand Cart
41:19 Heavy Plow
43:09 Gold Shaft Mining
Flow
11:45 Feudal Age
12:40 Double-Bit Axe
15:17 Castle Age
13:27 Horse Collar
16:13 Bow Saw
17:35 Wheelbarrow
18:01 Fletching
25:05 Bodkin Arrow
29:43 Imperial Age
28:02 Hand Cart
27:38 Loom
28:27 Padded Archer Armor
29:18 Ballistics
30:30 Husbandry
30:40 Bloodlines
31:05 Conscription
31:50 Chemistry
30:42 Town Watch
31:57 Bracer
32:12 Leather Archer Armor
32:28 Elite Camel Archer
33:06 Treadmill Crane
40:24 Murder Holes
Tilt Eulenspiegel
10:20 Feudal Age
14:29 Castle Age
12:11 Horse Collar
13:19 Double-Bit Axe
15:51 Bow Saw
17:53 Loom
22:38 Heavy Plow
23:11 Town Watch
24:16 Wheelbarrow
29:01 Imperial Age
26:08 Pikeman
27:11 Scale Mail Armor
27:14 Squires
27:46 Forging
28:08 Chain Mail Armor
29:30 Hand Cart
29:04 Halberdier
30:15 Plate Mail Armor
31:05 Two-Man Saw
31:24 Iron Casting
31:54 Chemistry
31:15 Ballistics
32:09 Houfnice
34:39 Blast Furnace
34:11 Conscription
34:23 Wagenburg Tactics
40:20 Siege Engineers
40:26 Masonry
gggmeuer
10:59 Feudal Age
10:47 Loom
15:29 Castle Age
13:42 Fletching
13:41 Double-Bit Axe
16:42 Bow Saw
18:27 Horse Collar
22:47 Wheelbarrow
23:29 Gold Mining
29:07 Imperial Age
26:26 Town Watch
26:50 Bodkin Arrow
26:53 Pikeman
28:57 Scale Mail Armor
29:28 Forging
34:04 Conscription
34:11 Heavy Plow
34:07 Crossbowman
35:37 Arbalester
36:18 Bracer
37:02 Padded Archer Armor
38:12 Leather Archer Armor
39:50 Ballistics
Connection lost

Rejoining the realm…

Still unreachable

The connection could not be restored.

Session expired

The server has moved on; the page needs a fresh start.